 Dungeon Crawl Stone Soup version 0.31-a0-188-g5e087ee2ca (webtiles) character file.

Game seed: 16010857093301077719

64 qw the Shooter (level 3, -8/20 HPs)
             Began as a Deep Elf Hunter on June 23, 2023.
             Mangled by a gnoll
             ... wielding a +0 spear of distortion
              (17 damage)
             ... on level 2 of the Dungeon.
             The game lasted 00:00:20 (815 turns).

qw the Shooter (Deep Elf Hunter)                     Turns: 815, Time: 00:00:21

Health: -8/20      AC:  6    Str: 10    XL:     3   Next: 91%
Magic:  5/5        EV: 11    Int: 13    God:
Gold:   62         SH:  0    Dex: 18    Spells: 2/2 levels left

rFire   . . .        Y - +0 shortbow
rCold   + . .        (shield currently unavailable)
rNeg    . . .        i - +0 ring mail
rPois   .            (no helmet)
rElec   .            (no cloak)
rCorr   .            o - +0 pair of gloves
SInv    .            (no boots)
Will    .....        (no amulet)
Stlth   +            g - ring of protection from cold
HPRegen 0.23/turn    (no ring)
MPRegen 0.09/turn

%: no passive effects
@: no status effects
A: no striking features
a: no special abilities


You were on level 2 of the Dungeon.
You visited 1 branch of the dungeon, and saw 2 of its levels.

You collected 62 gold pieces.


   Skills:
 - Level 1.5 Fighting
 + Level 7.3 Ranged Weapons
 - Level 2.4 Dodging
 - Level 1.2 Stealth


You had 2 spell levels left.
You didn't know any spells.
Your spell library was empty.

Inventory:

Hand Weapons
 Y - a +0 shortbow (weapon)
Armour
 i - a +0 ring mail (worn)
 o - a +0 pair of gloves (worn)
Jewellery
 g - a ring of protection from cold (left hand)
Scrolls
 a - a scroll of identify
Potions
 h - a potion of cancellation
 k - a potion of enlightenment {unknown}
 l - a potion of curing
 m - a potion of attraction {unknown}
 n - a potion of heal wounds {unknown}

Dungeon Overview and Level Annotations

Branches:
Dungeon (2/15)

Altars:


Message History

A gnoll comes into view. It is wielding a +0 spear.
You shoot an arrow. The arrow closely misses the gnoll.
The gnoll shouts! x2
The arrow hits the gnoll.
The gnoll is moderately wounded.
You shoot an arrow. The arrow hits the gnoll.
The gnoll is lightly wounded.
You shoot an arrow. The arrow completely misses the gnoll.
The arrow closely misses the gnoll.
The arrow barely misses the gnoll.
The gnoll throws a throwing net.
The throwing net misses you.
You shoot an arrow. The arrow closely misses the gnoll.
The arrow hits the gnoll.
The gnoll is heavily wounded.
You shoot an arrow. The arrow hits the gnoll!
The gnoll is severely wounded.
The gnoll barely misses you.
A gnoll comes into view.
It is wielding a +0 spear of distortion.
You shoot an arrow. The arrow hits the gnoll.
You kill the gnoll!
Your Ranged Weapons skill increases to level 7!
You shoot an arrow. The arrow hits the gnoll.
The gnoll is severely wounded.
The gnoll hits you from afar with a +0 spear.
You shoot an arrow. The arrow hits the gnoll.
The gnoll is almost dead.
The gnoll hits you from afar with a +0 spear.
You shoot an arrow. The arrow closely misses the gnoll.
The arrow hits the gnoll!
The gnoll is severely wounded.
The gnoll barely misses you.
The gnoll hits you from afar with a +0 spear.
You shoot an arrow. The arrow hits the gnoll.
You kill the gnoll!
You shoot an arrow. The arrow hits the gnoll!
You kill the gnoll!
You shoot an arrow. The arrow hits the gnoll!
The gnoll is severely wounded.
The gnoll hits you but does no damage. Space warps horribly around you!
Ouch! That really hurt!
You die...

###
#(######
#...<..#
#.######
#@# #.#
#g# #.#
#.# #.#
#.# ...


You could see a gnoll.

Vanquished Creatures
  3 gnolls (D:2)
  A dart slug (D:1)
  3 endoplasms
  2 giant cockroaches
  A goblin (D:1)
  3 jackals (D:1)
  3 quokkas (D:1)
  A ball python (D:1)
  6 kobolds (D:1)
  12 rats (D:1)
35 creatures vanquished.

Notes
Turn   | Place    | Note
-------+----------+-------------------------------------------
     0 | D:1      | qw the Deep Elf Hunter began the quest for the Orb.
     0 | D:1      | Reached XP level 1. HP: 12/12 MP: 3/3
     0 | D:1      | 0 ||| qw: Version: 0.3-a-9-g12657ce
     0 | D:1      | 0 ||| qw: Game counter: 4012
     0 | D:1      | 0 ||| qw: Always use a shield: true
     0 | D:1      | 0 ||| qw: God list: Okawaru
     0 | D:1      | 0 ||| qw: Allow faded altars: false
     0 | D:1      | 0 ||| qw: Do Orc after D:15 true
     0 | D:1      | 0 ||| qw: Do second Lair branch before Depths: true
     0 | D:1      | 0 ||| qw: Lair rune preference: random
     0 | D:1      | 0 ||| qw: Plans: Normal
     0 | D:1      | 0 ||| PLANNING D:1-11
   168 | D:1      | Reached skill level 6 in Ranged Weapons
   168 | D:1      | Reached XP level 2. HP: 16/16 MP: 4/4
   250 | D:1      | Found a faded altar of an unknown god.
   555 | D:1      | Reached XP level 3. HP: 20/20 MP: 5/5
   728 | D:1      | 728 ||| UPGRADING to +0 ring mail.
   738 | D:1      | 738 ||| DROPPING +0 leather armour.
   739 | D:1      | 739 ||| DROPPING +0 ring mail.
   740 | D:1      | 740 ||| UPGRADING to +0 pair of gloves.
   745 | D:1      | 745 ||| UPGRADING to ring of protection from cold.
   746 | D:1      | 746 ||| READING 3 scrolls labelled CUAXKOEWEREQ.
   747 | D:1      | 747 ||| READING scroll labelled HOAROH NINAWK.
   748 | D:1      | 748 ||| DRINKING 2 lumpy dark potions.
   749 | D:1      | 749 ||| DRINKING 2 bubbling black potions.
   750 | D:1      | 750 ||| READING 2 scrolls of identify.
   750 | D:1      | 750 ||| IDENTIFYING fuming brown potion
   751 | D:1      | 751 ||| DROPPING scroll of butterflies.
   752 | D:1      | 752 ||| DROPPING potion of magic.
   810 | D:2      | Reached skill level 7 in Ranged Weapons
   815 | D:2      | Mangled by a gnoll

Levels and vault maps discovered:
D:1:      grunt_arrival_crossed_arrows, layout_loops_cross,
          nicolae_ecumenical_snake_handling, minmay_statues_item, st_stairs_3,
          wad_floor_pattern_untrapped, minmay_rat_gold_closets
D:2:      layout_basic

Skill      XL: |  1  2  3 |
---------------+----------+-----
Ranged Weapons | 6 7 |  7.3
Fighting       | |  1.5
Dodging        | |  2.4
Stealth        | |  1.2

Action                     || total
---------------------------++-------
   Fire: Shortbow          ||    72
    Use: Scroll            ||     3
         Potion            ||     2
 Armour: Ring mail         ||     2
  Dodge: Dodged            ||    14

Table legend:
 A = Non-vault XP
 B = Vault XP
 C = Vault XP percentage of total XP
 D = Non-vault monster count
 E = Vault monster count
 F = Vault count percentage of total count
                 A         B        C        D         E       F
            +---------+---------+-------+---------+---------+-------
      Total |      77 |      15 |  16.3 |      22 |      13 |  37.1
            +---------+---------+-------+---------+---------+-------
        D:1 |      31 |      15 |  32.6 |      17 |      13 |  43.3
        D:2 |      46 |       0 |   0.0 |       5 |       0 |   0.0
            +---------+---------+-------+---------+---------+-------
